 Dungeon Crawl Stone Soup version 0.14-a0-788-g14b720c (webtiles) character file.

218 Impy the Fey Demonspawn (level 4, -3/34 HPs)
             Began as a Demonspawn Death Knight on Nov 11, 2013.
             Was a Believer of Yredelemnul.
             Slain by a gnoll shaman
             ... wielding a +0,+0 spear
              (8 damage)
             ... on Level 4 of the Dungeon.
             The game lasted 00:08:43 (3143 turns).

Impy the Fey Demonspawn (Demonspawn Death Knight)   Turns: 3143, Time: 00:08:45

HP  -3/34        AC  9     Str 14      XL: 4   Next: 50%
MP   7/7         EV  5     Int 13      God: Yredelemnul [**....]
Gold 116         SH 21     Dex 12      Spells:  0 memorised,  3 levels left

Res.Fire  : . . .   See Invis. : .   b - +1,+2 dwarf dagger (venom)
Res.Cold  : . . .   Warding    : .   d - +0 ring mail
Life Prot.: . . .   Conserve   : .   g - +0 large shield
Res.Poison: .       Res.Corr.  : .   l - +1 golden helmet
Res.Elec. : .       Clarity    : .   n - +0 cloak
Sust.Abil.: . .     Spirit.Shd : .   (no gloves)
Res.Mut.  : .       Stasis     : .   i - +0 pair of elf boots
Res.Rott. : .       Flight     : .   (no amulet)
Saprovore : . . .                    (no ring)
                                     (no ring)

@: slightly resistant to hostile enchantments, very unstealthy
A: claws 1
a: Animate Remains, Recall Undead Slaves, Injury Mirror, Renounce Religion


You were on level 4 of the Dungeon.
You worshipped Yredelemnul.
Yredelemnul was pleased with you.
You were not hungry.

You visited 1 branch of the dungeon, and saw 4 of its levels.

You collected 116 gold pieces.

Inventory:

Hand weapons
 a - a +1,+1 hand axe
 b - a +1,+2 dwarven dagger of venom (weapon)
Armour
 d - a +0 ring mail (worn)
 g - a +0 large shield (worn)
 i - a +0 pair of elven boots (worn)
 l - a +1 golden helmet (worn)
 n - a +0 cloak (worn)
Comestibles
 c - a bread ration
 f - 2 meat rations
Scrolls
 e - 6 scrolls of blinking
 h - 2 scrolls of teleportation
 p - 2 scrolls of recharging {unknown}
 q - 3 scrolls of identify
 s - 2 scrolls of remove curse
 t - a scroll of enchant armour
Potions
 k - a potion of heal wounds
 m - 6 potions of curing
 r - 2 potions of speed


   Skills:
 + Level 3.1 Fighting
 - Level 2.0 Axes
 + Level 2.2 Armour
 - Level 0.8 Dodging
 + Level 0.5 Shields
 + Level 1.7 Unarmed Combat
 - Level 3.6 Invocations


You had 3 spell levels left.
You didn't know any spells.

Dungeon Overview and Level Annotations

Branches:
Dungeon (4/27)
 Temple: D:4-7

Altars:
Elyvilon


Innate Abilities, Weirdness & Mutations

You have sharp fingernails.


Message History

The gnoll's wounds heal themselves!
The gnoll barely misses you. The gnoll hits you but does no damage.
The gnoll unwields an uncursed spear.
The gnoll drops an uncursed spear.
The gnoll picks up a flail.
The gnoll wields a flail.
Your shield prevents you from hitting the gnoll.
The gnoll is lightly wounded.
You block the gnoll's attack.
The gnoll shaman hits you from afar with a spear.
You hit the gnoll.
The gnoll is severely wounded.
The gnoll hits you with a flail.
The gnoll shaman calls upon its god to speed up the gnoll.
The gnoll seems to speed up.
You hit the gnoll.
The gnoll looks even sicker.
The gnoll is almost dead.
The gnoll hits you with a flail.
* * * LOW HITPOINT WARNING * * *
The gnoll shaman hits you from afar with a spear!
You die...
Your body rises from the dead as a mindless zombie.
P≈P g≈P≈≈♣ ≈PPPP♣

################ # .g....
.................... g....####
......................
............######..########...##
..!... .........@g...............
.....# ###########g..............
#.#############..#####..######
#..g....g.g...................
..................g..............
............############.........
............# #.........
............############.........
.................................


You could see a gnoll shaman and a gnoll.

Vanquished Creatures
  An adder (D:2)
  3 gnolls
  A worm (D:2)
  A giant gecko (D:3)
  2 orcs (D:3)
  9 bats
  3 giant cockroaches
  8 hobgoblins
  3 ball pythons
  3 giant newts
  9 goblins
  9 kobolds
  5 rats
57 creatures vanquished.

Notes
Turn   | Place    | Note
--------------------------------------------------------------
     0 | D:1      | Impy, the Demonspawn Death Knight, began the quest for the Orb.
     0 | D:1      | Reached XP level 1. HP: 16/16 MP: 2/2
     7 | D:1      | Reached skill level 1 in Armour
   363 | D:1      | Gained mutation: You have sharp fingernails. [demonic ancestry]
   363 | D:1      | Reached XP level 2. HP: 17/22 MP: 4/4
  1023 | D:2      | Reached XP level 3. HP: 24/27 MP: 5/5
  1153 | D:2      | Reached skill level 1 in Unarmed Combat
  1548 | D:2      | Found a white marble altar of Elyvilon.
  1593 | D:2      | Acquired Yredelemnul's second power
  2445 | D:3      | Reached XP level 4. HP: 31/34 MP: 7/7
  2527 | D:3      | Paralysed by a potion of paralysis for 6 turns
  3143 | D:4      | Slain by a gnoll shaman

Action                   |  1- 3 |  4- 6 || total
-------------------------+-------+-------++-------
Melee: Hand axe          |    75 |       ||    75
       Unarmed           |     9 |       ||     9
       Dagger            |    55 |    50 ||   105
  Use: Scroll            |    12 |     2 ||    14
       Potion            |       |     4 ||     4
